 Dungeon Crawl Stone Soup version 0.31-a0-217-g58bb5d79cf (webtiles) character file.

Game seed: 13032700343348493282

9314 qw the Cleaver (level 11, -5/71 HPs)
             Began as a Gargoyle Fighter on July 2, 2023.
             Was a Priest of Okawaru.
             Slain by a seven-headed hydra (11 damage)
             ... on level 2 of the Lair of Beasts.
             The game lasted 00:04:37 (8925 turns).

qw the Cleaver (Gargoyle Fighter)                   Turns: 8925, Time: 00:04:38

Health: -5/71      AC: 30    Str: 24    XL:     11   Next: 44%
Magic:  13/14      EV: 10    Int:  9    God:    Okawaru [***...]
Gold:   679        SH:  7    Dex: 15    Spells: 10/10 levels left

rFire   . . .        o - +0 morningstar
rCold   . . .        c - +0 buckler
rNeg    + . .        i - +0 plate armour
rPois   inf          l - +2 helmet
rElec   +            (no cloak)
rCorr   .            (no gloves)
SInv    .            e - +1 pair of boots
Will    +....        (no amulet) Stlth
                     n - ring of willpower
HPRegen 0.31/turn    a - +6 ring of dexterity
MPRegen 0.14/turn

%: no passive effects
@: about to teleport, heroic
A: sickness immunity, AC +8, negative energy resistance 1, electricity
resistance, torment resistance 1, petrification resistance
a: Renounce Religion, Heroism


You were on level 2 of the Lair of Beasts.
You worshipped Okawaru.
Okawaru was most pleased with you.
You visited 3 branches of the dungeon, and saw 11 of its levels.
You also visited: Sewer.

You collected 679 gold pieces.


Innate Abilities, Weirdness & Mutations

You are immune to sickness and miasma.
Your stone body is resilient. (AC +8)
You are immune to poison.
You resist negative energy. (rN+)
You are resistant to electric shocks. (rElec)
You are resistant to unholy torment.
You are immune to petrification.


   Skills:
 - Level 9.2(14.2) Fighting
 - Level 12.0(17.0) Axes
 - Level 1.1(6.1) Throwing
 - Level 8.0(13.0) Armour
 - Level 2.1(7.1) Dodging
 + Level 5.2(10.2) Shields
 - Level 4.0 Invocations


You had 10 spell levels left.
You didn't know any spells.
Your spell library was empty.

Inventory:

Hand Weapons
 j - a +3 war axe
 o - a +0 morningstar (weapon)
Armour
 c - a +0 buckler (worn)
 e - a +1 pair of boots (worn)
 i - a +0 plate armour (worn)
 k - the +0 chain mail of Paepn {-Cast rCorr Str+4}
   (You found it on level 4 of the Dungeon)

   Str:       It affects your strength (+4).
   -Cast:     It prevents spellcasting.
   rCorr:     It protects you from acid and corrosion.
 l - a +2 helmet (worn)
Jewellery
 a - a +6 ring of dexterity (right hand)
 n - a ring of willpower (left hand)
 r - a ring of fire
 Y - a ring of resist corrosion
Scrolls
 b - 4 scrolls of identify
 q - 3 scrolls of teleportation
Potions
 d - 5 potions of might
 f - 2 potions of cancellation
 g - 4 potions of curing
 h - a potion of attraction
 m - 2 potions of haste
 p - a potion of magic

Dungeon Overview and Level Annotations

Branches:
Dungeon (8/15)             Temple (1/1) D:4            Lair (2/5) D:8
  Sewer (visited)
  Swamp: Lair:2-3    Shoals: Lair:2-3     Snake: Lair:2-3    Spider: Lair:2-3

Altars:
Cheibriados
Dithmenos
Elyvilon
Fedhas
Hepliaklqana
Okawaru
Sif Muna
Trog
Vehumet
Wu Jian
Xom
Yredelemnul
Zin

Annotations:
D:3 2 transporters, qw's ghost, amateur GrHs


Message History

The seven-headed hydra bites you but does no damage. x4
You completely miss the seven-headed hydra.
The seven-headed hydra is severely wounded.
The seven-headed hydra bites you but does no damage. x2
The seven-headed hydra closely misses you.
The seven-headed hydra bites you but does no damage. x2
The seven-headed hydra bites you. x2
You barely miss the seven-headed hydra.
The seven-headed hydra is severely wounded.
You impale the seven-headed hydra!!
The seven-headed hydra is almost dead.
The seven-headed hydra bites you but does no damage.
The seven-headed hydra bites you. x2
The seven-headed hydra bites you but does no damage.
The seven-headed hydra completely misses you.
You block the seven-headed hydra's attack.
The seven-headed hydra barely misses you.
You hit the seven-headed hydra but do no damage.
The seven-headed hydra is almost dead.
The seven-headed hydra bites you but does no damage.
The seven-headed hydra bites you! The seven-headed hydra misses you.
The seven-headed hydra bites you but does no damage.
The seven-headed hydra bites you. The seven-headed hydra bites you!
The seven-headed hydra bites you but does no damage.
8924 ||| READING 4 scrolls of teleportation.
As you read the scroll of teleportation, it crumbles to dust.
You feel strangely unstable. The seven-headed hydra bites you.
You block the seven-headed hydra's attack.
The seven-headed hydra barely misses you.
The seven-headed hydra bites you but does no damage.
The seven-headed hydra closely misses you.
The seven-headed hydra bites you.
The seven-headed hydra bites you but does no damage.
You hit the seven-headed hydra.
The seven-headed hydra is almost dead.
The seven-headed hydra bites you but does no damage.
The seven-headed hydra barely misses you.
The seven-headed hydra bites you!
You die...

......7~~~.~7~#
......7~~~.~~~7
......7~~~.~P~7
......%~~~.PP~7# #)
.....<7P~~.P~~~## ...
.......~~~.~~P7.# ....
......#.7~.~~7..## .....
....P....7.~~....#......
P#.#............@D......
###P.......).....#.....
#..............# #..P
#...#............. ..
#..##....^......... #..
#........<....P #.
#..............# P
#.............##


You could see a seven-headed hydra.

Vanquished Creatures
  A catoblepas (Lair:1)
  A boulder beetle (Lair:1)
  A two-headed ogre (D:8)
  2 oklob plants (Lair:1)
  4 komodo dragons
  3 cane toads (Lair:1)
  A polar bear (Lair:1)
  A hornet (D:8)
  A wyvern (D:8)
  7 yaks
  A steam dragon (D:7)
  Menkaure (D:6)
  A basilisk (Lair:1)
  2 water moccasins (Lair:1)
  A sky beast (D:7)
  2 black bears
  2 ice beasts (D:5)
  2 ogres (D:5)
  2 centaurs
  A phantom (D:5)
  2 kobold brigands
  9 bullfrogs
  3 scorpions
  An electric eel (Lair:1)
  4 howler monkeys (D:8)
  2 hounds
  2 orc priests (D:8)
  3 jellies
  A gnoll bouda (D:7)
  A sleepcap (D:4)
  2 iguanas
  6 orc wizards
  Robin (D:3)
  5 gnolls (D:7)
  11 adders
  2 river rats (D:4)
  A white imp (D:7)
  2 ufetubi
  5 worms
  3 dart slugs
  18 orcs
  13 ball pythons
  2 endoplasms
  A giant cockroach (D:1)
  19 hobgoblins
  14 jackals
  A quokka (D:2)
  3 bats
  8 frilled lizards
  19 goblins
  14 kobolds
  8 rats
223 creatures vanquished.

Notes
Turn   | Place    | Note
-------+----------+-------------------------------------------
     0 | D:1      | qw the Gargoyle Fighter began the quest for the Orb.
     0 | D:1      | Reached XP level 1. HP: 14/14 MP: 1/1
     0 | D:1      | 0 ||| qw: Version: 0.3-a-40-ge99b1a8
     0 | D:1      | 0 ||| qw: Game counter: 46
     0 | D:1      | 0 ||| qw: Melee chars always use a shield: true
     0 | D:1      | 0 ||| qw: God list: Okawaru
     0 | D:1      | 0 ||| qw: Allow faded altars: false
     0 | D:1      | 0 ||| qw: Do Orc after clearing Dungeon:15 true
     0 | D:1      | 0 ||| qw: Do second Lair branch before Depths: true
     0 | D:1      | 0 ||| qw: Lair rune preference: random
     0 | D:1      | 0 ||| qw: Goals: Normal, Zot:1-4, Slime:5, God:TSO, Crypt,
                  | Tomb, Abyss, Pan, Hells, Win
     0 | D:1      | 0 ||| PLANNING D:1-11
    22 | D:1      | 22 ||| Stepping ~*~*~tactically~*~*~ (stealth).
    29 | D:1      | Reached skill level 2 in Axes
   115 | D:1      | 115 ||| UPGRADING to +0 pair of boots.
   124 | D:1      | Reached XP level 2. HP: 19/19 MP: 2/2
   223 | D:1      | 223 ||| Stepping ~*~*~tactically~*~*~ (stealth).
   237 | D:1      | 237 ||| Stepping ~*~*~tactically~*~*~ (stealth).
   260 | D:1      | 260 ||| UPGRADING to +0 plate armour.
   270 | D:1      | 270 ||| DROPPING +0 scale mail.
   349 | D:1      | 349 ||| READING scroll labelled GYUNAU SUEGGIM.
   350 | D:1      | 350 ||| READING scroll labelled EGI NIHURPHESH.
   378 | D:1      | 378 ||| READING scroll labelled VEUDGH XYAC.
   570 | D:1      | 570 ||| DROPPING scarf of harm.
   615 | D:1      | Reached skill level 3 in Axes
   619 | D:1      | Reached XP level 3. HP: 23/23 MP: 3/3
   624 | D:1      | Found a faded altar of an unknown god.
   859 | D:1      | 859 ||| Stepping ~*~*~tactically~*~*~ (hiding).
  1059 | D:1      | 1059 ||| DRINKING 2 bubbling ruby potions.
  1060 | D:1      | 1060 ||| READING 2 scrolls of identify.
  1060 | D:1      | 1060 ||| IDENTIFYING fuming white potion
  1061 | D:1      | 1061 ||| DROPPING potion of ambrosia.
  1254 | D:2      | 1254 ||| Stepping ~*~*~tactically~*~*~ (stealth).
  1256 | D:2      | 1256 ||| Stepping ~*~*~tactically~*~*~ (stealth).
  1283 | D:2      | Reached XP level 4. HP: 24/28 MP: 4/4
  1514 | D:2      | Reached skill level 4 in Axes
  1730 | D:2      | 1730 ||| UPGRADING to +6 ring of dexterity.
  1731 | D:2      | 1731 ||| READING scroll labelled VEGHUN ZUFFUO.
  1732 | D:2      | 1732 ||| READING scroll labelled OJABIG CODOSMO.
  1733 | D:2      | 1733 ||| READING 2 scrolls of identify.
  1733 | D:2      | 1733 ||| IDENTIFYING bubbling cyan potion
  1800 | D:3      | 1800 ||| Stepping ~*~*~tactically~*~*~ (hiding).
  1801 | D:3      | 1801 ||| Stepping ~*~*~tactically~*~*~ (hiding).
  1831 | D:3      | Noticed Robin
  1842 | D:3      | Killed Robin
  1843 | D:3      | Reached skill level 1 in Dodging
  1868 | D:3      | 1868 ||| DROPPING +0 club.
  1933 | D:3      | Reached XP level 5. HP: 32/32 MP: 5/5
  1966 | D:3      | 1966 ||| Stepping ~*~*~tactically~*~*~ (stealth).
  1967 | D:3      | 1967 ||| Stepping ~*~*~tactically~*~*~ (stealth).
  2025 | D:3      | 2025 ||| DROPPING +0 whip.
  2126 | D:3      | Found a transporter.
  2150 | D:3      | Found a transporter.
  2151 | D:3      | 2151 ||| Stepping ~*~*~tactically~*~*~ (hiding).
  2153 | D:3      | 2153 ||| Stepping ~*~*~tactically~*~*~ (hiding).
  2155 | D:3      | 2155 ||| Stepping ~*~*~tactically~*~*~ (hiding).
  2265 | D:3      | Noticed qw's ghost (amateur GrHs)
  2385 | D:3      | 2385 ||| UPGRADING to +0 helmet.
  2390 | D:3      | 2390 ||| UPGRADING to ring of resist corrosion.
  2391 | D:3      | 2391 ||| READING scroll labelled XALOMO EBLIAC.
  2392 | D:3      | 2392 ||| READING 2 scrolls labelled WUGUYG GANOESK.
  2393 | D:3      | 2393 ||| READING scroll labelled YLAMPERIEQE.
  2394 | D:3      | 2394 ||| DRINKING 2 red potions.
  2395 | D:3      | 2395 ||| DROPPING scroll of revelation.
  2417 | D:4      | 2417 ||| PLANNING SEWER
  2428 | D:4      | 2428 ||| READING scroll of enchant armour.
  2428 | D:4      | 2428 ||| ENCHANTING +0 helmet.
  2484 | D:4      | Found a staircase to the Ecumenical Temple.
  2502 | D:4      | 2502 ||| Stepping ~*~*~tactically~*~*~ (stealth).
  2503 | D:4      | 2503 ||| Stepping ~*~*~tactically~*~*~ (stealth).
  2524 | D:4      | Reached skill level 5 in Axes
  2531 | D:4      | 2531 ||| READING scroll of enchant armour.
  2531 | D:4      | 2531 ||| ENCHANTING +1 helmet.
  2576 | D:4      | Identified the +0 chain mail of Paepn {-Cast rCorr Str+4}
  2609 | D:4      | Reached XP level 6. HP: 38/38 MP: 6/6
  2713 | D:4      | 2713 ||| Stepping ~*~*~tactically~*~*~ (stealth).
  2724 | D:4      | 2724 ||| Stepping ~*~*~tactically~*~*~ (stealth).
  2733 | D:4      | 2733 ||| Stepping ~*~*~tactically~*~*~ (stealth).
  3022 | D:4      | Found a glowing drain.
  3027 | Sewer    | Entered a sewer
  3117 | Sewer    | 3117 ||| Stepping ~*~*~tactically~*~*~ (water).
  3138 | Sewer    | 3138 ||| Stepping ~*~*~tactically~*~*~ (water).
  3320 | Sewer    | 3320 ||| READING 2 scrolls labelled SAKEP DOMNA.
  3321 | Sewer    | 3321 ||| READING scroll labelled CASAMI NIODANE.
  3322 | Sewer    | 3322 ||| READING 4 scrolls of identify.
  3322 | Sewer    | 3322 ||| IDENTIFYING bubbling emerald potion
  3323 | Sewer    | 3323 ||| READING 3 scrolls of identify.
  3323 | Sewer    | 3323 ||| IDENTIFYING sapphire potion
  3324 | Sewer    | 3324 ||| READING 2 scrolls of identify.
  3324 | Sewer    | 3324 ||| IDENTIFYING sedimented emerald potion
  3325 | Sewer    | 3325 ||| DROPPING scroll of fog.
  3326 | Sewer    | 3326 ||| DROPPING potion of degeneration.
  3363 | D:4      | 3363 ||| PLANNING TEMPLE
  3412 | Temple   | Entered the Ecumenical Temple
  3586 | Temple   | 3586 ||| PLANNING D:1-11
  3727 | D:4      | Reached skill level 6 in Axes
  3727 | D:4      | Reached XP level 7. HP: 43/43 MP: 7/7
  3961 | D:5      | Entered Level 5 of the Dungeon
  4013 | D:5      | Found an iron altar of Okawaru.
  4014 | D:5      | 4014 ||| PLANNING OKAWARU WORSHIP
  4072 | D:5      | Became a worshipper of Warmaster Okawaru
  4073 | D:5      | 4073 ||| PLANNING D:1-11
  4233 | D:5      | Reached skill level 7 in Axes
  4300 | D:5      | 4300 ||| Stepping ~*~*~tactically~*~*~ (hiding).
  4326 | D:5      | 4326 ||| DROPPING +0 flail.
  4388 | D:5      | Reached * piety under Okawaru
  4389 | D:5      | Reached XP level 8. HP: 49/49 MP: 8/8
  4579 | D:5      | 4579 ||| INVOKING Heroism.
  4831 | D:5      | 4831 ||| READING scroll labelled IVVIRHUD ORPHUE.
  4832 | D:5      | 4832 ||| READING 2 scrolls of identify.
  4832 | D:5      | 4832 ||| IDENTIFYING metallic grey potion
  4833 | D:5      | 4833 ||| DROPPING potion of berserk rage.
  4893 | D:6      | 4893 ||| Stepping ~*~*~tactically~*~*~ (stealth).
  4905 | D:6      | 4905 ||| INVOKING Heroism.
  4972 | D:6      | Noticed Menkaure
  4973 | D:6      | 4973 ||| Stepping ~*~*~tactically~*~*~ (hiding).
  4974 | D:6      | 4974 ||| Stepping ~*~*~tactically~*~*~ (hiding).
  4981 | D:6      | 4981 ||| INVOKING Heroism.
  4990 | D:6      | Killed Menkaure
  4991 | D:6      | Reached skill level 8 in Axes
  5017 | D:6      | 5017 ||| Stepping ~*~*~tactically~*~*~ (stealth).
  5037 | D:6      | Reached skill level 1 in Invocations
  5042 | D:6      | 5042 ||| READING scroll of enchant armour.
  5042 | D:6      | 5042 ||| ENCHANTING +0 pair of boots.
  5234 | D:6      | 5234 ||| READING scroll of enchant weapon.
  5234 | D:6      | 5234 ||| ENCHANTING +1 war axe.
  5308 | D:6      | Found a shadowy altar of Dithmenos.
  5341 | D:6      | 5341 ||| INVOKING Heroism.
  5353 | D:6      | 5353 ||| Stepping ~*~*~tactically~*~*~ (stealth).
  5355 | D:6      | 5355 ||| FLEEEEING.
  5356 | D:6      | 5356 ||| FLEEEEING.
  5357 | D:6      | 5357 ||| FLEEEEING.
  5358 | D:6      | 5358 ||| FLEEEEING.
  5359 | D:6      | 5359 ||| Stepping ~*~*~tactically~*~*~ (hiding).
  5360 | D:6      | 5360 ||| Stepping ~*~*~tactically~*~*~ (hiding).
  5361 | D:6      | 5361 ||| Stepping ~*~*~tactically~*~*~ (hiding).
  5362 | D:6      | 5362 ||| Stepping ~*~*~tactically~*~*~ (hiding).
  5363 | D:6      | 5363 ||| Stepping ~*~*~tactically~*~*~ (stealth).
  5364 | D:6      | 5364 ||| Stepping ~*~*~tactically~*~*~ (stealth).
  5365 | D:6      | 5365 ||| Stepping ~*~*~tactically~*~*~ (stealth).
  5369 | D:6      | 5369 ||| Stepping ~*~*~tactically~*~*~ (hiding).
  5513 | D:7      | Noticed a yak
  5513 | D:7      | Noticed a yak
  5513 | D:7      | Noticed a yak
  5514 | D:7      | 5514 ||| INVOKING Heroism.
  5517 | D:7      | Noticed a yak
  5519 | D:7      | Noticed a yak
  5520 | D:7      | Killed a yak
  5521 | D:7      | Reached skill level 6 in Fighting
  5521 | D:7      | Reached skill level 3 in Invocations
  5521 | D:7      | Reached XP level 9. HP: 38/55 MP: 8/11
  5533 | D:7      | 5533 ||| STAIRDANCE
  5535 | D:6      | 5535 ||| INVOKING Heroism.
  5538 | D:6      | Reached skill level 9 in Axes
  5539 | D:6      | Reached ** piety under Okawaru
  5635 | D:7      | 5635 ||| STAIRDANCE
  5637 | D:6      | 5637 ||| INVOKING Heroism.
  5830 | D:7      | 5830 ||| INVOKING Heroism.
  5849 | D:7      | Reached skill level 6 in Armour
  6037 | D:7      | Found a shimmering blue altar of Sif Muna.
  6296 | D:7      | 6296 ||| DROPPING potion of invisibility.
  6315 | D:8      | 6315 ||| Stepping ~*~*~tactically~*~*~ (stealth).
  6397 | D:8      | Found a staircase to the Lair.
  6405 | D:8      | 6405 ||| Stepping ~*~*~tactically~*~*~ (stealth).
  6534 | D:8      | Noticed a two-headed ogre
  6535 | D:8      | 6535 ||| INVOKING Heroism.
  6544 | D:8      | Killed a two-headed ogre
  6545 | D:8      | Reached skill level 10 in Axes
  6545 | D:8      | Reached XP level 10. HP: 17/63 MP: 11/13
  6879 | D:8      | 6879 ||| Stepping ~*~*~tactically~*~*~ (hiding).
  6882 | D:8      | 6882 ||| Stepping ~*~*~tactically~*~*~ (hiding).
  6883 | D:8      | 6883 ||| Stepping ~*~*~tactically~*~*~ (hiding).
  6884 | D:8      | 6884 ||| Stepping ~*~*~tactically~*~*~ (hiding).
  6984 | D:8      | 6984 ||| Stepping ~*~*~tactically~*~*~ (stealth).
  6989 | D:8      | 6989 ||| Stepping ~*~*~tactically~*~*~ (hiding).
  7029 | D:8      | Reached skill level 1 in Throwing
  7070 | D:8      | 7070 ||| Stepping ~*~*~tactically~*~*~ (stealth).
  7246 | D:8      | 7246 ||| PLANNING LAIR
  7246 | D:8      | 7246 ||| UPGRADING to ring of willpower.
  7248 | D:8      | 7248 ||| UPGRADING to +6 ring of dexterity.
  7294 | Lair:1   | Entered Level 1 of the Lair of Beasts
  7340 | Lair:1   | 7340 ||| INVOKING Heroism.
  7412 | Lair:1   | Noticed a boulder beetle
  7413 | Lair:1   | 7413 ||| Stepping ~*~*~tactically~*~*~ (stealth).
  7432 | Lair:1   | 7432 ||| Stepping ~*~*~tactically~*~*~ (stealth).
  7433 | Lair:1   | 7433 ||| Stepping ~*~*~tactically~*~*~ (stealth).
  7434 | Lair:1   | 7434 ||| Stepping ~*~*~tactically~*~*~ (stealth).
  7436 | Lair:1   | 7436 ||| Stepping ~*~*~tactically~*~*~ (stealth).
  7436 | Lair:1   | Noticed a cane toad
  7437 | Lair:1   | 7437 ||| Stepping ~*~*~tactically~*~*~ (stealth).
  7439 | Lair:1   | 7439 ||| Stepping ~*~*~tactically~*~*~ (stealth).
  7440 | Lair:1   | 7440 ||| INVOKING Heroism.
  7446 | Lair:1   | Killed a cane toad
  7512 | Lair:1   | 7512 ||| INVOKING Heroism.
  7531 | Lair:1   | 7531 ||| INVOKING Heroism.
  7556 | Lair:1   | Killed a boulder beetle
  7617 | Lair:1   | Noticed a cane toad
  7618 | Lair:1   | 7618 ||| INVOKING Heroism.
  7621 | Lair:1   | Noticed a catoblepas
  7625 | Lair:1   | Killed a cane toad
  7626 | Lair:1   | Reached skill level 11 in Axes
  7642 | Lair:1   | HP: 10/64 [komodo dragon (10)]
  7643 | Lair:1   | 7643 ||| READING 5 scrolls of teleportation.
  7644 | Lair:1   | 7644 ||| DRINKING 3 potions of heal wounds.
  7645 | Lair:1   | 7645 ||| DRINKING 2 potions of heal wounds.
  7647 | Lair:1   | HP: 11/64 [catoblepas (17)]
  7648 | Lair:1   | 7648 ||| DRINKING potion of heal wounds.
  7653 | Lair:1   | 7653 ||| INVOKING Heroism.
  7694 | Lair:1   | 7694 ||| INVOKING Heroism.
  7710 | Lair:1   | Reached XP level 11. HP: 38/69 MP: 12/14
  7850 | Lair:1   | 7850 ||| INVOKING Heroism.
  7860 | Lair:1   | Reached skill level 9 in Fighting
  7902 | Lair:1   | 7902 ||| READING scroll of enchant weapon.
  7902 | Lair:1   | 7902 ||| ENCHANTING +2 war axe.
  8038 | Lair:1   | 8038 ||| Stepping ~*~*~tactically~*~*~ (stealth).
  8040 | Lair:1   | 8040 ||| INVOKING Heroism.
  8200 | Lair:1   | 8200 ||| INVOKING Heroism.
  8421 | Lair:1   | 8421 ||| Stepping ~*~*~tactically~*~*~ (stealth).
  8423 | Lair:1   | 8423 ||| Stepping ~*~*~tactically~*~*~ (hiding).
  8424 | Lair:1   | 8424 ||| Stepping ~*~*~tactically~*~*~ (hiding).
  8426 | Lair:1   | 8426 ||| INVOKING Heroism.
  8443 | Lair:1   | Killed a catoblepas
  8443 | Lair:1   | Reached *** piety under Okawaru
  8487 | Lair:1   | Found a blossoming altar of Fedhas.
  8489 | Lair:1   | Noticed an oklob plant
  8490 | Lair:1   | 8490 ||| INVOKING Heroism.
  8491 | Lair:1   | Noticed an oklob plant
  8498 | Lair:1   | Killed an oklob plant
  8508 | Lair:1   | Killed an oklob plant
  8801 | Lair:1   | 8801 ||| READING 5 scrolls of identify.
  8801 | Lair:1   | 8801 ||| IDENTIFYING green potion
  8883 | Lair:2   | 8883 ||| INVOKING Heroism.
  8892 | Lair:2   | Reached skill level 12 in Axes
  8911 | Lair:2   | Noticed a seven-headed hydra
  8912 | Lair:2   | 8912 ||| INVOKING Heroism.
  8916 | Lair:2   | 8916 ||| SWAPPING to +0 morningstar.
  8923 | Lair:2   | HP: 12/71 [seven-headed hydra (11)]
  8924 | Lair:2   | 8924 ||| READING 4 scrolls of teleportation.
  8925 | Lair:2   | Slain by a seven-headed hydra

Levels and vault maps discovered:
D:1:      dpeg_arrival_simpleton_c, layout_loops_cross,
          hellmonk_ecumenical_altar_inner_sanctum, serial_co_window_serial,
          co_window_paths_a, co_window_corner_a, co_window_paths_b,
          co_window_paths_a, co_window_corner_a, co_window_corner_b,
          co_window_corner_b, co_window_unsneaky_path_e, co_window_paths_c,
          co_window_broadway_b, co_window_paths_e, glass_columns_b,
          glass_columns_a, glass_columns_a, glass_columns_c, glass_columns_b
D:2:      cheibrodos_greedy_goblins, layout_loops_cross,
          minmay_misc_feat_pillars
D:3:      layout_rooms, gammafunk_ghost_mausoleum, serial_bayou_crossing,
          uniq_robin
D:4:      layout_basic, minmay_temple_entry_purple_smoke,
          lightli_sewer_entry_pipes
D:5:      layout_basic, nicolae_overflow_crystal_walls,
          dreamdust_princess_corridor
D:6:      layout_cave_pools, lemuel_doored_altar, uniq_menkaure
D:7:      layout_cave_pools, amcnicky_altar_gilded
D:8:      layout_basic, dpeg_oklobed_lair
Temple:   jpeg_temple_alley_garden
Lair:1:   layout_gridlike, minivault_19, hangedman_tree_tricks,
          eino_small_chamber_without_monster, minmay_stone_trees_medium
Lair:2:   layout_cave_pods, spider_nest_entry_rubble, serial_bayou_lagoon_b

Skill      XL: |  1  2  3  4  5  6  7  8  9 10 11 |
---------------+----------------------------------+-----
Axes           | 2 3 4 5 6 7 8 10 11 12 | 12.0
Dodging        | 1 2 |  2.1
Fighting       | 4 5 6 7 8 9 |  9.2
Armour         | 4 5 6 7 8 |  8.0
Invocations    | 3 4 |  4.0
Shields        | 4 5 |  5.2
Throwing       | 1 |  1.1

Action                     |  1- 3 |  4- 6 |  7- 9 | 10-12 || total
---------------------------+-------+-------+-------+-------++-------
  Melee: War axe           |   107 |   198 |   248 |   187 ||   740
         Morningstar       |       |       |       |     7 ||     7
  Throw: Boomerang         |       |       |       |    67 ||    67
 Invoke: Heroism           |       |       |     9 |    14 ||    23
    Use: Scroll            |     4 |    13 |     4 |     4 ||    25
         Potion            |     1 |     1 |       |     3 ||     5
 Armour: Scale mail        |    22 |       |       |       ||    22
         Plate armour      |    59 |   147 |   184 |    93 ||   483
  Dodge: Dodged            |    48 |    49 |    87 |    53 ||   237
  Block: Buckler           |    14 |    24 |    72 |    31 ||   141

Table legend:
 A = Non-vault XP
 B = Vault XP
 C = Vault XP percentage of total XP
 D = Non-vault monster count
 E = Vault monster count
 F = Vault count percentage of total count
                 A         B        C        D         E       F
            +---------+---------+-------+---------+---------+-------
      Total |   11804 |    1503 |  11.3 |     176 |      47 |  21.1
            +---------+---------+-------+---------+---------+-------
        D:1 |      50 |       0 |   0.0 |      26 |       0 |   0.0
        D:2 |      52 |      20 |  27.8 |      16 |      11 |  40.7
        D:3 |      33 |      34 |  50.7 |      11 |      11 |  50.0
        D:4 |     356 |      51 |  12.5 |      21 |      10 |  32.3
        D:5 |     860 |       0 |   0.0 |      17 |       0 |   0.0
        D:6 |    1315 |     183 |  12.2 |      15 |       1 |   6.2
        D:7 |    1440 |       0 |   0.0 |      25 |       0 |   0.0
        D:8 |    2033 |       0 |   0.0 |      26 |       0 |   0.0
     Lair:1 |    5293 |    1152 |  17.9 |      18 |       2 |  10.0
     Lair:2 |     372 |       0 |   0.0 |       1 |       0 |   0.0
      Sewer |       0 |      63 | 100.0 |       0 |      12 | 100.0
            +---------+---------+-------+---------+---------+-------
